3AAA
AUGUSTA TIMBER HAWKS @ NAPERVILLE BATTLEKINGS
07/26/2027
 
TOP OF THE 1ST
Augusta Timber Hawks batting - Pitching for Naperville Battlekings : RHP Jorge Carrión
Pitching: RHP Jorge Carrión
Batting: LHB José Pérez 0-0: Called Strike
0-1: Swinging Strike
0-2: Ball
1-2: Foul Ball, location: 2F
1-2: Ball
2-2: Ball
3-2: Strikes out swinging
Batting: RHB Pedro Jiménez 0-0: Foul Ball, location: 2F
0-1: Foul Ball, location: 2F
0-2: Foul Ball, location: 2F
0-2: Ball
1-2: Foul Ball, location: 2F
1-2: DOUBLE (Line Drive, 8RD)
Batting: LHB António Serrano 0-0: Ball
1-0: Called Strike
1-1: TRIPLE (Line Drive, 89S)
Pedro Jiménez scores
Batting: SHB Galtero Suárez 0-0: Ground out 4-3 (Groundball, 34)
António Serrano scores
Batting: RHB Scott Robertson 0-0: Called Strike
0-1: Ball
1-1: Ball
2-1: Ball
3-1: Foul Ball, location: 2F
3-2: Strikes out swinging
Top of the 1st over - 2 run(s), 2 hit(s), 0 error(s), 0 left on base; Augusta 2 - Naperville 0
BOTTOM OF THE 1ST
Naperville Battlekings batting - Pitching for Augusta Timber Hawks : RHP Martín Valverde
Pitching: RHP Martín Valverde
Batting: RHB Zeus Preckwinkle 0-0: Ground out 5-3 (Groundball, 5)
Batting: RHB Matt Love 0-0: Ball
1-0: Foul Ball, location: 2F
1-1: Ball
2-1: Foul Ball, location: 2F
2-2: Fly out, F9 (Flyball, 9LS)
Batting: LHB Dewitt Hopper 0-0: Called Strike
0-1: SINGLE (Groundball, 34D)
Batting: RHB Manuel Guillama 0-0: Called Strike
0-1: Ball
1-1: Fly out, F8 (Flyball, 8RM)
Bottom of the 1st over - 0 run(s), 1 hit(s), 0 error(s), 1 left on base; Augusta 2 - Naperville 0
TOP OF THE 2ND
Augusta Timber Hawks batting - Pitching for Naperville Battlekings : RHP Jorge Carrión
Batting: RHB Uchino Akahito 0-0: Called Strike
0-1: Swinging Strike
0-2: Strikes out swinging
Batting: LHB Luis Moreno 0-0: SINGLE (Groundball, 4MD)
Batting: RHB Jorge López 0-0: Called Strike
0-1: Ball
1-1: Foul Ball, location: 2F
1-2: Ball
2-2: Ball
Throwing error on steal attempt, E2
Luis Moreno to third
3-2: Fly out, F9 (Flyball, 9S)
Batting: SHB Javier Valle 0-0: Ball
1-0: Called Strike
1-1: Foul Ball, location: 2F
1-2: Ball
2-2: Ball
3-2: DOUBLE (Line Drive, 9LS)
Luis Moreno scores
Batting: LHB José Pérez 0-0: Called Strike
0-1: Ground out 1-3 (Groundball, 13)
Top of the 2nd over - 1 run(s), 2 hit(s), 1 error(s), 1 left on base; Augusta 3 - Naperville 0
BOTTOM OF THE 2ND
Naperville Battlekings batting - Pitching for Augusta Timber Hawks : RHP Martín Valverde
Batting: RHB Jorge Baker 0-0: Ball
1-0: Ball
2-0: Swinging Strike
2-1: Foul Ball, location: 2F
2-2: Strikes out swinging
Batting: LHB Sam Good 0-0: Ball
1-0: Ball
2-0: Called Strike
2-1: Foul Ball, location: 2F
2-2: Foul Ball, location: 2F
2-2: Ball
3-2: Foul Ball, location: 2F
3-2: Strikes out swinging
Batting: LHB Curtis Peters 0-0: Ball
1-0: Ground out U3 (Groundball, 3)
Bottom of the 2nd over - 0 run(s), 0 hit(s), 0 error(s), 0 left on base; Augusta 3 - Naperville 0
TOP OF THE 3RD
Augusta Timber Hawks batting - Pitching for Naperville Battlekings : RHP Jorge Carrión
Batting: RHB Pedro Jiménez 0-0: Called Strike
0-1: Called Strike
0-2: Ball
1-2: Hit by Pitch
Batting: LHB António Serrano 0-0: Foul Ball, location: 2F
0-1: Ball
1-1: Ball
2-1: Called Strike
2-2: Ground out 4-3 (Groundball, 34)
Pedro Jiménez to second
Batting: SHB Galtero Suárez 0-0: Called Strike
0-1: SINGLE (Groundball, 56D)
Pedro Jiménez to third
Runner from 3rd tries for Home, SAFE, no throw
Batting: RHB Scott Robertson 0-0: Ball
1-0: Foul Ball, location: 2F
1-1: Ball
2-1: Foul Ball, location: 2F
2-2: Foul Ball, location: 2F
2-2: Ball
3-2: Strikes out looking
Batting: RHB Uchino Akahito 0-0: Foul Ball, location: 2F
0-1: Swinging Strike
0-2: Ball
1-2: Strikes out swinging
Top of the 3rd over - 1 run(s), 1 hit(s), 0 error(s), 1 left on base; Augusta 4 - Naperville 0
BOTTOM OF THE 3RD
Naperville Battlekings batting - Pitching for Augusta Timber Hawks : RHP Martín Valverde
Batting: RHB Rod Jones 0-0: Called Strike
0-1: Fly out, F9 (Flyball, 9)
Batting: RHB Jimmy Dawson 0-0: Swinging Strike
0-1: Ground out 5-3 (Groundball, 56S)
Batting: RHB Zeus Preckwinkle 0-0: Ball
1-0: Called Strike
1-1: Ball
2-1: SINGLE (Groundball, 4D)
Batting: RHB Matt Love 0-0: Foul Ball, location: 2F
0-1: Fly out, F8 (Flyball, 89M)
Bottom of the 3rd over - 0 run(s), 1 hit(s), 0 error(s), 1 left on base; Augusta 4 - Naperville 0
TOP OF THE 4TH
Augusta Timber Hawks batting - Pitching for Naperville Battlekings : RHP Jorge Carrión
Batting: LHB Luis Moreno 0-0: Called Strike
0-1: Ground out 6-3 (Groundball, 6)
Batting: RHB Jorge López 0-0: Ball
1-0: Called Strike
1-1: Ball
2-1: Ball
3-1: Base on Balls
Batting: SHB Javier Valle 0-0: Ball
1-0: Fly out, F3 (Popup, 3S)
Batting: LHB José Pérez 0-0: Ball
1-0: Foul Ball, location: 2F
1-1: Ball
2-1: Fielders Choice at 2nd, 4-6 (Groundball, 4)
Top of the 4th over - 0 run(s), 0 hit(s), 0 error(s), 0 left on base; Augusta 4 - Naperville 0
BOTTOM OF THE 4TH
Naperville Battlekings batting - Pitching for Augusta Timber Hawks : RHP Martín Valverde
Batting: LHB Dewitt Hopper 0-0: Ball
1-0: Ball
2-0: Fly out, F8 (Flyball, 8RD)
Batting: RHB Manuel Guillama 0-0: Ball
1-0: Ground out 5-3 (Groundball, 56)
Batting: RHB Jorge Baker 0-0: Ball
1-0: Ground out 5-3 (Groundball, 56)
Bottom of the 4th over - 0 run(s), 0 hit(s), 0 error(s), 0 left on base; Augusta 4 - Naperville 0
TOP OF THE 5TH
Augusta Timber Hawks batting - Pitching for Naperville Battlekings : RHP Jorge Carrión
Batting: RHB Pedro Jiménez 0-0: Ball
1-0: Swinging Strike
1-1: Called Strike
1-2: Ball
2-2: Foul Ball, location: 2F
2-2: Ball
3-2: Base on Balls
Batting: LHB António Serrano 0-0: Ball
1-0: Foul Ball, location: 2F
1-1: Ball
2-1: Ball
3-1: Called Strike
3-2: Strikes out looking
Batting: SHB Galtero Suárez 0-0: Ball
1-0: Foul Ball, location: 2F
1-1: Ball
2-1: Ground out 4-3 (Groundball, 34)
Pedro Jiménez to second
Batting: RHB Scott Robertson 0-0: Ball
1-0: Swinging Strike
1-1: SINGLE (Flyball, 9LM)
Pedro Jiménez to third
Runner from 3rd tries for Home, SAFE, no throw
Batting: RHB Uchino Akahito 0-0: Ball
1-0: Called Strike
1-1: Called Strike
1-2: Ground out 4-3 (Groundball, 4MD)
Top of the 5th over - 1 run(s), 1 hit(s), 0 error(s), 1 left on base; Augusta 5 - Naperville 0
BOTTOM OF THE 5TH
Naperville Battlekings batting - Pitching for Augusta Timber Hawks : RHP Martín Valverde
Batting: LHB Sam Good 0-0: Ball
1-0: Ball
2-0: Ball
3-0: Base on Balls
Batting: LHB Curtis Peters 0-0: Fly out, F7 (Flyball, 7S)
Batting: RHB Rod Jones 0-0: Called Strike
0-1: Ball
1-1: Ball
2-1: Ball
3-1: Called Strike
3-2: Ground out 5-3 (Groundball, 56S)
Sam Good to second
Batting: RHB Jimmy Dawson 0-0: Ball
1-0: Foul Ball, location: 2F
1-1: Called Strike
1-2: Strikes out swinging
Bottom of the 5th over - 0 run(s), 0 hit(s), 0 error(s), 1 left on base; Augusta 5 - Naperville 0
TOP OF THE 6TH
Augusta Timber Hawks batting - Pitching for Naperville Battlekings : RHP Jorge Carrión
Batting: LHB Luis Moreno 0-0: Ball
1-0: Ball
2-0: Swinging Strike
2-1: Foul Ball, location: 2F
2-2: DOUBLE (Groundball, 3L)
Pitching: LHP Russ Wood
Batting: RHB Jorge López 0-0: Called Strike
0-1: Foul Ball, location: 2F
0-2: Foul Ball, location: 2F
0-2: Foul Ball, location: 2F
0-2: Ball
1-2: Foul Ball, location: 2F
1-2: Foul Ball, location: 2F
1-2: Foul Ball, location: 2F
1-2: Ball
2-2: Ball
3-2: Foul Ball, location: 2F
3-2: Fly out, F9 (Flyball, 9LS)
Batting: SHB Javier Valle 0-0: Ball
1-0: Foul Ball, location: 2F
1-1: Ball
Throwing error on steal attempt, E2
Luis Moreno scores
2-1: Swinging Strike
2-2: Ball
3-2: SINGLE (Groundball, 6MD)
Batting: LHB José Pérez 0-0: Ball
1-0: Reached on error, E8 (Flyball, 78M)
Javier Valle to second
Batting: RHB Pedro Jiménez 0-0: DOUBLE (Groundball, 5L)
Javier Valle scores
José Pérez to third
Batting: LHB António Serrano 0-0: Swinging Strike
0-1: Foul Ball, location: 2F
0-2: Ground out 4-3 (Groundball, 4M)
José Pérez scores
Pedro Jiménez to third
Batting: SHB Galtero Suárez 0-0: Ball
1-0: Called Strike
1-1: SINGLE (Line Drive, 56D)
Pedro Jiménez scores
Batting: RHB Scott Robertson 0-0: Fielders Choice at 2nd, 5-4 (Groundball, 5)
Top of the 6th over - 4 run(s), 4 hit(s), 2 error(s), 0 left on base; Augusta 9 - Naperville 0
BOTTOM OF THE 6TH
Naperville Battlekings batting - Pitching for Augusta Timber Hawks : RHP Martín Valverde
Batting: RHB Zeus Preckwinkle 0-0: Ball
1-0: Fly out, F8 (Flyball, 78M)
Batting: RHB Matt Love 0-0: Called Strike
0-1: Swinging Strike
0-2: Strikes out swinging
Batting: LHB Dewitt Hopper 0-0: Called Strike
0-1: Foul Ball, location: 2F
0-2: Fly out, F7 (Flyball, 78M)
Bottom of the 6th over - 0 run(s), 0 hit(s), 0 error(s), 0 left on base; Augusta 9 - Naperville 0
TOP OF THE 7TH
Augusta Timber Hawks batting - Pitching for Naperville Battlekings : LHP Russ Wood
Batting: RHB Uchino Akahito 0-0: Ball
1-0: Foul Ball, location: 2F
1-1: Called Strike
1-2: Ball
2-2: Strikes out looking
Batting: LHB Luis Moreno 0-0: SINGLE (Line Drive, 4D)
Batting: RHB Jorge López 0-0: Called Strike
Throwing error on steal attempt, E2
Luis Moreno to third
0-1: Ball
1-1: Ball
2-1: Ball
3-1: Foul Ball, location: 2F
3-2: Base on Balls
Batting: SHB Javier Valle 0-0: Swinging Strike
0-1: Swinging Strike
0-2: Strikes out swinging
Batting: LHB José Pérez 0-0: Ball
1-0: Ball
2-0: Called Strike
2-1: Foul Ball, location: 2F
2-2: Strikes out swinging
Top of the 7th over - 0 run(s), 1 hit(s), 1 error(s), 2 left on base; Augusta 9 - Naperville 0
BOTTOM OF THE 7TH
Naperville Battlekings batting - Pitching for Augusta Timber Hawks : RHP Martín Valverde
Batting: RHB Manuel Guillama 0-0: SINGLE (Line Drive, 78S)
Batting: RHB Jorge Baker 0-0: DOUBLE (Flyball, 7D)
Manuel Guillama to third
Batting: LHB Sam Good 0-0: Called Strike
0-1: Ball
1-1: Swinging Strike
1-2: Foul Ball, location: 2F
1-2: Foul Ball, location: 2F
1-2: Fly out, F6 (Popup, 56)
Batting: LHB Curtis Peters 0-0: Ball
1-0: Foul Ball, location: 2F
1-1: Called Strike
1-2: Ball
2-2: Ball
3-2: Foul Ball, location: 2F
3-2: Base on Balls
Batting: RHB Rod Jones 0-0: Ball
1-0: Ball
2-0: Swinging Strike
2-1: Ball
3-1: Base on Balls
Manuel Guillama scores
Jorge Baker to third
Curtis Peters to second
Batting: RHB Jimmy Dawson 0-0: Foul Ball, location: 2F
0-1: Ball
1-1: Grounds into double play, U5-3 (Groundball, 5L)
Bottom of the 7th over - 1 run(s), 2 hit(s), 0 error(s), 2 left on base; Augusta 9 - Naperville 1
TOP OF THE 8TH
Augusta Timber Hawks batting - Pitching for Naperville Battlekings : LHP Russ Wood
Batting: RHB Pedro Jiménez 0-0: Called Strike
0-1: Ball
1-1: Ground out 5-3 (Groundball, 56)
Batting: LHB António Serrano 0-0: Ball
1-0: Called Strike
1-1: Ball
2-1: Ball
3-1: Foul Ball, location: 2F
3-2: Strikes out swinging
Batting: SHB Galtero Suárez 0-0: Fly out, F7 (Line Drive, 7)
Top of the 8th over - 0 run(s), 0 hit(s), 0 error(s), 0 left on base; Augusta 9 - Naperville 1
BOTTOM OF THE 8TH
Naperville Battlekings batting - Pitching for Augusta Timber Hawks : RHP Martín Valverde
Now at C: Dinis Marcha
Batting: RHB Zeus Preckwinkle 0-0: Called Strike
0-1: Ball
1-1: Ball
2-1: Ball
3-1: Foul Ball, location: 2F
3-2: Strikes out swinging, 2-3 out at first.
Batting: RHB Matt Love 0-0: Called Strike
0-1: Ball
1-1: Ball
2-1: Ball
3-1: SINGLE (Groundball, 6MD)
Pitching: RHP Ángel Gómez
Batting: LHB Dewitt Hopper 0-0: Called Strike
0-1: SINGLE (Line Drive, 8RS)
Matt Love to second
Batting: RHB Manuel Guillama 0-0: Ball
1-0: Foul Ball, location: 2F
1-1: Called Strike
1-2: Ball
2-2: Strikes out swinging
Batting: RHB Jorge Baker 0-0: Ball
1-0: Swinging Strike
1-1: Foul Ball, location: 2F
1-2: Strikes out swinging
Bottom of the 8th over - 0 run(s), 2 hit(s), 0 error(s), 2 left on base; Augusta 9 - Naperville 1
TOP OF THE 9TH
Augusta Timber Hawks batting - Pitching for Naperville Battlekings : LHP Russ Wood
Batting: RHB Scott Robertson 0-0: SINGLE (Flyball, 9LS)
Batting: RHB Uchino Akahito 0-0: Ball
1-0: Ball
2-0: Ball
3-0: Base on Balls
Scott Robertson to second
Batting: LHB Luis Moreno 0-0: Called Strike
0-1: Foul Ball, location: 2F
0-2: Foul Ball, location: 2F
0-2: Strikes out swinging
Batting: RHB Jorge López 0-0: Ball
1-0: Fly out, F9 (Flyball, 9)
Batting: SHB Javier Valle 0-0: Ball
1-0: Foul Ball, location: 2F
1-1: Ball
2-1: Foul Ball, location: 2F
2-2: Ball
3-2: Foul Ball, location: 2F
3-2: SINGLE (Groundball, 6D)
Scott Robertson to third
Uchino Akahito to second
Scott Robertson scores
Uchino Akahito to third
Pitching: LHP Guus Ketting
Batting: LHB José Pérez 0-0: Ball
1-0: Ball
2-0: Ball
3-0: Called Strike
3-1: Foul Ball, location: 2F
3-2: Strikes out swinging
Top of the 9th over - 1 run(s), 2 hit(s), 0 error(s), 2 left on base; Augusta 10 - Naperville 1
BOTTOM OF THE 9TH
Naperville Battlekings batting - Pitching for Augusta Timber Hawks : RHP Ángel Gómez
Now at 2B: D.C. Aiken
Now at SS: Manuel González
Batting: LHB Sam Good 0-0: Foul Ball, location: 2F
0-1: Ball
1-1: Ball
2-1: Called Strike
2-2: Ball
3-2: DOUBLE (Line Drive, 3D)
Batting: LHB Curtis Peters 0-0: SINGLE (Flyball, 89S)
Sam Good to third
Batting: RHB Rod Jones 0-0: Called Strike
0-1: Called Strike
0-2: Ball
1-2: Foul Ball, location: 2F
1-2: Foul Ball, location: 2F
1-2: Strikes out looking
Pitching: LHP Scott Kerin
Batting: RHB Jimmy Dawson 0-0: Foul Ball, location: 2F
0-1: Swinging Strike
0-2: Ball
1-2: Ground out 5-3 (Groundball, 56S)
Sam Good scores
Curtis Peters to second
Batting: RHB Zeus Preckwinkle 0-0: Ground out 5-3 (Groundball, 5S)
Bottom of the 9th over - 1 run(s), 2 hit(s), 0 error(s), 1 left on base; Augusta 10 - Naperville 2
Saturday, May 26th, 2018 - OOTP Baseball 17.12 Build 75